 Dungeon Crawl Stone Soup version 0.28-a0-969-g2dcde036d2 (webtiles) character file.

Game seed: 6846703673061141235

118301 HessuHobo the Basher (level 17, -7/98 HPs)
             Began as a Human Fighter on Dec 1, 2021.
             Was an Elder of the Shining One.
             Mangled by a thrashing horror (9 damage)
             ... on level 2 of the Abyss.
             The game lasted 02:04:14 (33155 turns).

HessuHobo the Basher (Human Fighter)               Turns: 33155, Time: 02:04:15

Health: -7/98      AC: -1    Str: 19    XL:     17   Next: 31%
Magic:  2/22       EV:  3    Int:  9    God:    the Shining One [****..]
Gold:   4123       SH: 11    Dex:  9    Spells: 16/16 levels left

rFire   + . .      SeeInvis .   A - +9 whip of Ygoguf {flame, rPois rF- rN+++}
rCold   + + .      Faith    .   u - +1 kite shield {rC+}
rNeg    + + +      Spirit   .   t - +2 gold dragon scales
rPois   +          Reflect  .   c - +0 helmet {Int+3}
rElec   .          Harm     .   B - +0 cloak
rCorr   .          Rampage  .   q - +1 pair of gloves {Stlth+}
Will    +....      Rage     9%  (no boots)
Stlth   ..........              j - amulet of regeneration
HPRegen 1.06/turn               m - ring of fire
MPRegen 0.18/turn               C - ring of protection from cold

@: corroded, glowing, studying Summonings
A: deformed body, [berserk 3], [clumsy 2], [deterioration 2], [dopey 2], [frail
3], [low mp 1], [screaming 2], [weak 2], [no potion heal 1], [subdued magic 2]
a: Renounce Religion, Divine Shield, Cleansing Flame


You were on level 2 of the Abyss.
You worshipped the Shining One.
The Shining One was greatly pleased with you.
You visited 7 branches of the dungeon, and saw 30 of its levels.
You visited the Abyss 1 time.

You collected 4123 gold pieces.

Inventory:

Hand Weapons
 p - a +4 long sword of freezing
 A - the +9 whip of Ygoguf (weapon) {flame, rPois rF- rN+++}
   (You found it on level 6 of the Dungeon)

   It burns those it strikes, dealing additional fire damage.
   rF:        It makes you vulnerable to fire.
   rPois:     It protects you from poison.
   rN:        It renders you almost immune to negative energy.
Missiles
 y - 339 arrows
Armour
 c - a +0 helmet of intelligence (worn)
 q - a +1 pair of gloves of stealth (worn)
 t - +2 gold dragon scales (worn)
 u - a +1 kite shield of cold resistance (worn)
 B - a +0 cloak (worn)
 J - +0 steam dragon scales
 U - +0 swamp dragon scales
Jewellery
 a - a ring of fire
 f - a ring of magical power
 j - an amulet of regeneration (around neck)
 m - a ring of fire (left hand)
 n - an amulet of faith
 C - a ring of protection from cold (right hand)
 E - a +6 ring of dexterity
 G - a ring of magical power
 H - a ring of positive energy
 M - a +6 ring of strength
 N - an amulet of magic regeneration
 P - an amulet of the acrobat
 T - a ring of protection from cold
Wands
 e - a wand of paralysis (4)
 s - a wand of polymorph (4)
 L - a wand of iceblast (5)
 O - a wand of flame (3)
Scrolls
 g - 3 scrolls of fog
 i - 2 scrolls of fear
 k - 6 scrolls of teleportation
 o - 9 scrolls of identify
 r - 4 scrolls of amnesia
 v - a scroll of noise
 F - a scroll of brand weapon
 K - 5 scrolls of immolation
 S - 2 scrolls of enchant weapon
 X - a scroll of magic mapping
Potions
 d - a potion of ambrosia
 h - 2 potions of attraction
 w - 3 potions of flight
 x - 2 potions of invisibility
 z - 2 potions of cancellation
 I - 4 potions of magic
 R - 4 potions of mutation
Miscellaneous
 b - a piece from Xom's chessboard (15/15)
 Q - a phantom mirror (inert)


   Skills:
 + Level 14.8 Fighting
 - Level 2.0(4.8) Short Blades
 - Level 6.9(7.1) Long Blades
 + Level 14.9 Maces & Flails
 + Level 14.8 Armour
 + Level 10.1 Shields
 + Level 10.4 Invocations
 - Level 6.0 Evocations


You had 16 spell levels left.
You didn't know any spells.
Your spell library contained the following spells:

 Spells                   Type           Power      Damage    Failure   Level
 Animate Skeleton         Necr           0%         N/A       100%        1
 Apportation              Tloc           0%         N/A       100%        1
 Freeze                   Ice            0%         1d3       100%        1
 Slow                     Hex            0%         N/A       100%        1
 Summon Small Mammal      Summ           0%         N/A       100%        1
 Blink                    Tloc           0%         N/A       100%        2
 Ensorcelled Hibernation  Hex/Ice        0%         N/A       100%        2
 Passwall                 Tmut/Erth      0%         N/A       100%        2
 Confusing Touch          Hex            0%         N/A       100%        3
 Frozen Ramparts          Ice            0%         1d2       100%        3
 Lesser Beckoning         Tloc           0%         N/A       100%        3
 Spider Form              Tmut/Pois      0%         N/A       100%        3
 Swiftness                Air            0%         N/A       100%        3
 Vampiric Draining        Necr           0%         2d6       100%        3
 Airstrike                Air            0%         N/A       100%        4
 Fulminant Prism          Conj/Hex       0%         3d6       100%        4
 Hailstorm                Conj/Ice       0%         3d3       100%        4
 Ice Form                 Ice/Tmut       0%         N/A       100%        4
 Iskenderun's Mystic Bla  Conj/Tloc      0%         2d3       100%        4
 Summon Ice Beast         Ice/Summ       0%         N/A       100%        4
 Summon Lightning Spire   Summ/Air       0%         N/A       100%        4
 Alistair's Intoxication  Tmut/Pois      0%         N/A       100%        5
 Borgnjor's Vile Clutch   Necr/Erth      0%         N/A       100%        5
 Lee's Rapid Deconstruct  Erth           0%         3d5*      100%        5
 Lightning Bolt           Conj/Air       0%         1d11      100%        5
 Manifold Assault         Tloc           0%         N/A       100%        5
 Summon Forest            Summ/Tloc      0%         N/A       100%        5
 Summon Mana Viper        Hex/Summ       0%         N/A       100%        5
 Eringya's Noxious Bog    Tmut/Pois      0%         N/A       100%        6
 Summon Cactus Giant      Summ           0%         N/A       100%        6
 Summon Hydra             Summ           0%         N/A       100%        7


Dungeon Overview and Level Annotations

Branches:
Dungeon (15/15)            Temple (1/1) D:6            Lair (6/6) D:11
  Swamp (4/4) Lair:4       Spider (1/4) Lair:4        Slime (0/5) Lair:6
    Orc (2/2) D:9             Elf (1/3) Orc:2        Vaults (0/5) D:13
 Depths (0/4) D:15

Altars:
Ashenzari
Cheibriados
Dithmenos
Elyvilon
Fedhas
Gozag
Hepliaklqana
Kikubaaqudgha
Makhleb
Nemelex Xobeh
Okawaru
Qazlal
Ru
Sif Muna
Trog
Uskayaw
Vehumet
Wu Jian
Xom
Yredelemnul
Zin
The Shining One
Beogh
Lugonu

Shops:
D:1 :   D:3 (   D:4 (   Orc:2 ((:(

Portals:
Abyss: Lair:6
Trove: D:10 (give +5 ice dragon scales)

Annotations:
Lair:3 exclusion: ice statue
Lair:4 exclusion: oklob plant
Lair:6 exclusion: oklob plant
Swamp:4 Louise
Orc:1 3 runed translucent doors, bgiannan's ghost, journeyman MiFi


Innate Abilities, Weirdness & Mutations

Armour fits poorly on your strangely shaped body.
[You have an uncontrollable temper.]
[You are very clumsy. (Dex -4)]
[Your body often deteriorates upon taking damage.]
[You are very dopey. (Int -4)]
[You are extremely frail. (-30% HP)]
[Your magical capacity is low. (-10% MP)]
[You frequently scream uncontrollably at your foes.]
[You are very weak. (Str -4)]
[Potions are less effective at restoring your health.]
[Your spells are easier to cast, but less powerful.]


Message History

Something closely misses your angel.
You block the thrashing horror's attack.
The thrashing horror tramples you.
* * * LOW HITPOINT WARNING * * *
You stumble backwards!
The ynoxinul gestures.
You completely miss the thrashing horror.
The thrashing horror is heavily damaged.
You block the thrashing horror's attack.
The thrashing horror tramples you.
* * * LOW HITPOINT WARNING * * *
You hold your ground!
Your angel hits the ynoxinul with a +2 whip of holy wrath!
The ynoxinul dies!
The Shining One accepts your kill.
The Shining One blesses your angel with more time in this world.
The ufetubus disappears in a puff of smoke! x4
The golden flame engulfs you but does no damage.
You resist.
The golden flame engulfs the thrashing horror!!
You destroy the thrashing horror!
The wretched star pulses with an eldritch light!
You feel stupid. x2
Your angel twists and deforms.
Your angel hits the mana viper with a +2 whip of holy wrath.
Your angel hits the mana viper with a +2 whip of holy wrath!
You block the thrashing horror's attack. x2
The wretched star pulses with an eldritch light!
You feel extremely angry at everything!
Your angel twists and deforms.
Okay, then.
Okay, then.
The thrashing horror roars!
The thrashing horror tramples you!
* * * LOW HITPOINT WARNING * * *
You stumble backwards!
The thrashing horror roars!
You block the thrashing horror's attack.
The thrashing horror tramples you!
You die...

....##.... #
#..........###.
#..........#.#.
#.......*§.#.*
#...##§....#. .
#...##......#.. #
#..A..*....#. #
#'####...##§.....#.#
...#..@X.S..#####.###..
....'.........# ..# #.
....#.........# ..#. ..
..# #...##...## ## #
... . #...###### . #
#.... #.... #...# ####


You could see a thrashing horror (ally target), a mana viper and a friendly
angel (summoned, misshapen).

Vanquished Creatures
  A tentacled monstrosity (Swamp:2)
  A tentacled starspawn (Abyss:2)
  A fire giant (D:13)
  A deep elf annihilator (D:13)
  A dire elephant (D:14)
  A bunyip (Swamp:2)
  An ettin (D:12)
  The ghost of fly the Cruncher, a journeyman FoDe of Uskayaw (D:12)
  A great orb of eyes (D:13)
  A shambling mangrove (Swamp:2)
  10 hydras
  5 boulder beetles
  3 ogre magi
  3 vault guards (D:13)
  A death knight (D:11)
  3 death yaks
  4 centaur warriors
  An alligator (Swamp:4)
  A catoblepas (D:15)
  Erica (Orc:1)
  3 tengu warriors
  10 two-headed ogres
  4 thrashing horrors
  3 orc high priests (Orc:2)
  Urug (D:13)
  A wretched star (Abyss:2)
  A skeletal warrior (D:12)
  Pikel (D:4)
  A swamp dragon (Swamp:2)
  A deep elf pyromancer (D:15)
  2 wizards
  3 orb spiders (Spider:1)
  7 orc knights
  11 ugly things
  2 orc sorcerers (Orc:2)
  3 manticores
  5 wolf spiders
  A moth of wrath (Spider:1)
  3 elephants (Lair:4)
  2 black mambas (Lair:5)
  8 cyclopes
  An apocalypse crab (Abyss:2)
  A torpor snail (Lair:4)
  3 rust devils (Abyss:2)
  A smoke demon (Lair:6)
  A naga mage (D:15)
  2 gargoyles
  8 cane toads
  An unseen horror (D:12)
  A yaktaur (D:15)
  3 rime drakes
  2 freezing wraiths
  2 tengu conjurers
  3 ancient zymes
  A demonic crawler (D:10)
  11 komodo dragons
  6 trolls
  5 jumping spiders
  2 hornets
  2 polar bears
  4 tyrant leeches
  3 meliai (D:15)
  44 blink frogs
  3 slime creatures (D:13)
  Sigmund (D:6)
  6 flying skulls (Abyss:2)
  A centaur simulacrum (D:14)
  13 redbacks
  3 spriggans
  3 starcursed masses (Abyss:2)
  A tarantella (Lair:4)
  37 yaks
  3 water elementals
  4 wyverns
  3 ynoxinuls
  8 humans (D:13)
  4 wraiths
  A spriggan simulacrum (Abyss:2)
  6 basilisks
  6 chaos spawn
  2 neqoxecs (Abyss:2)
  5 steam dragons
  4 wargs
  Menkaure (D:5)
  8 vampire mosquitoes
  4 large abominations
  Edmund (D:6)
  A naga zombie (Abyss:2)
  9 swamp worms
  16 water moccasins
  2 acid dragons
  6 ice beasts (Lair:3)
  20 orc warriors
  A necrophage (D:6)
  3 sky beasts (D:6)
  A black bear (D:6)
  A phantom (D:6)
  20 wolves
  8 centaurs
  12 ogres
  2 lemures (D:4)
  4 kobold brigands
  10 bullfrogs
  A wyvern zombie (D:9)
  9 small abominations (Lair:6)
  A gnoll sergeant (D:7)
  2 scorpions
  A water moccasin zombie (D:5)
  3 killer bees (D:9)
  7 wights
  4 howler monkeys
  6 electric eels
  5 centaur zombies
  A quasit (Abyss:2)
  13 orc priests
  3 bullfrog zombies
  6 hounds
  4 jellies (Lair:6)
  2 bullfrog skeletons
  A centaur skeleton (D:6)
  2 iguanas
  19 orc wizards
  A killer bee zombie (D:8)
  4 howler monkey zombies
  A howler monkey skeleton (D:7)
  7 gnolls
  5 adders
  6 white imps
  2 ufetubi
  A dart slug (D:3)
  67 orcs
  2 bats
  8 endoplasms
  2 giant cockroaches
  5 goblins
  4 hobgoblins
  4 quokkas
  3 ball pythons
  18 kobolds
  5 rats
701 creatures vanquished.

Vanquished Creatures (collateral kills)
  An orc knight (Orc:2)
  2 orc sorcerers (Orc:2)
  An orange demon (Abyss:2)
  A ynoxinul (Abyss:2)
  4 orc warriors (Orc:2)
  An orc wizard (Orc:2)
10 creatures vanquished.

Vanquished Creatures (others)
  A bloated husk (Swamp:4)
  A tyrant leech (Swamp:4)
  A redback (Spider:1)
  A human (D:13)
  A tarantella (Spider:1)
  An orc priest (Orc:2)
  20 fungi
  67 plants
  6 starspawn tentacles (Abyss:2)
99 creatures vanquished.

Grand Total: 810 creatures vanquished

Notes
Turn   | Place    | Note
-------+----------+-------------------------------------------
     0 | D:1      | HessuHobo the Human Fighter began the quest for the Orb.
     0 | D:1      | Reached XP level 1. HP: 18/18 MP: 1/1
   390 | D:1      | Found a faded altar of an unknown god.
   442 | D:1      | Found Zejadgh's Book Shop.
   446 | D:1      | Reached XP level 2. HP: 24/24 MP: 2/2
   910 | D:2      | Reached skill level 1 in Long Blades
   910 | D:2      | Reached XP level 3. HP: 26/29 MP: 3/3
  1845 | D:3      | Found Gadworph's Weapon Boutique.
  2573 | D:3      | Reached XP level 4. HP: 32/35 MP: 4/4
  2662 | D:3      | Found a sparkling altar of Nemelex Xobeh.
  3016 | D:4      | Found Zax Dynk's Weapon Boutique.
  3080 | D:4      | Reached XP level 5. HP: 26/42 MP: 5/5
  3661 | D:4      | Noticed a lemure
  3661 | D:4      | Noticed a lemure
  3662 | D:4      | Noticed Pikel
  3675 | D:5      | Entered Level 5 of the Dungeon
  3760 | D:5      | Noticed Menkaure
  3797 | D:5      | Killed Menkaure
  3798 | D:5      | Reached XP level 6. HP: 7/49 MP: 6/6
  4144 | D:5      | HP: 2/49 [scorpion (5)]
  4474 | D:5      | Reached XP level 7. HP: 11/55 MP: 7/7
  4925 | D:6      | Reached skill level 5 in Fighting
  4925 | D:6      | Reached skill level 5 in Armour
  5016 | D:6      | Reached XP level 8. HP: 9/62 MP: 8/8
  5701 | D:6      | Reached skill level 5 in Long Blades
  5792 | D:6      | Noticed Edmund
  5801 | D:6      | Reached XP level 9. HP: 70/71 MP: 9/9
  5828 | D:6      | Killed Edmund
  5977 | D:6      | Found a staircase to the Ecumenical Temple.
  5990 | Temple   | Entered the Ecumenical Temple
  6161 | Temple   | Became a worshipper of the Shining One
  6358 | D:6      | Found a broken altar of Ashenzari.
  6450 | D:6      | Noticed Sigmund
  6459 | D:6      | Killed Sigmund
  6655 | D:6      | Identified the +9 whip of Ygoguf {flame, rPois rF- rN+++}
  6884 | D:7      | Noticed a troll
  6908 | D:7      | Killed a troll
  6909 | D:7      | Reached skill level 1 in Maces & Flails
  6909 | D:7      | Reached skill level 1 in Invocations
  7083 | D:7      | Reached XP level 10. HP: 74/80 MP: 9/11
  7107 | D:7      | Reached * piety under the Shining One
  7896 | D:8      | Noticed a manticore
  7909 | D:8      | Killed a manticore
  8163 | D:8      | Noticed a boulder beetle
  8248 | D:9      | Reached skill level 5 in Maces & Flails
  8433 | D:9      | Reached XP level 11. HP: 87/87 MP: 10/14
  8672 | D:9      | Found a staircase to the Orcish Mines.
  8719 | D:9      | Reached skill level 5 in Invocations
  9171 | D:10     | Entered Level 10 of the Dungeon
  9496 | D:5      | Reached ** piety under the Shining One
  9995 | D:4      | Killed Pikel
 10974 | D:10     | Found a portal to a secret trove of treasure.
 12061 | D:11     | Reached XP level 12. HP: 76/97 MP: 16/16
 12262 | D:11     | Found a staircase to the Lair.
 12998 | D:11     | Reached skill level 10 in Fighting
 13006 | D:12     | Reached skill level 10 in Armour
 13389 | D:12     | Noticed a death knight
 13396 | D:12     | Found a runed translucent gate.
 13396 | D:12     | Found a runed translucent gate.
 13396 | D:12     | Found a runed translucent gate.
 13437 | Lair:1   | Entered Level 1 of the Lair of Beasts
 13610 | Lair:1   | Reached skill level 10 in Maces & Flails
 13813 | Lair:1   | Reached skill level 1 in Evocations
 14588 | Lair:2   | Found a gate leading to a gauntlet.
 14609 | Lair:2   | Reached XP level 13. HP: 105/105 MP: 17/17
 14884 | Lair:2   | Identified a scroll of acquirement
 14885 | Lair:2   | Acquired 557 gold pieces
 15965 | Lair:3   | You fall into a shaft and drop 1 floor!
 16129 | Lair:3   | Noticed a four-headed hydra
 16137 | Lair:3   | Killed a four-headed hydra
 16914 | Lair:4   | Found a staircase to the Swamp.
 17061 | Lair:4   | Reached skill level 5 in Evocations
 17170 | Lair:4   | Found a hole to the Spider Nest.
 18785 | Lair:5   | Reached XP level 14. HP: 115/115 MP: 18/18
 19070 | Lair:6   | Entered Level 6 of the Lair of Beasts
 19558 | Lair:6   | Found a staircase to the Slime Pits.
 19822 | Lair:6   | Reached skill level 5 in Shields
 20231 | Lair:6   | Acquired a +1 kite shield of cold resistance
 20251 | Lair:6   | Acquired 1089 gold pieces
 20554 | Lair:6   | Found a corrupted altar of Lugonu.
 20554 | Lair:6   | Found a one-way gate to the infinite horrors of the Abyss.
 20569 | Lair:6   | Identified the +8 glaive "Bouckuts" {flame, Int+7}
 21746 | D:12     | Noticed fly's ghost (journeyman FoDe)
 21779 | D:12     | Killed fly's ghost
 22065 | D:13     | Reached XP level 15. HP: 82/123 MP: 19/19
 22193 | D:13     | Noticed a fire giant
 22288 | Orc:1    | Entered Level 1 of the Orcish Mines
 22553 | Orc:1    | Noticed Erica
 22583 | Orc:1    | Killed Erica
 22719 | Orc:1    | Found a runed translucent gate.
 22719 | Orc:1    | Found a runed translucent gate.
 22720 | Orc:1    | Found a runed translucent gate.
 22721 | Orc:1    | Noticed bgiannan's ghost (journeyman MiFi)
 23131 | Orc:2    | Entered Level 2 of the Orcish Mines
 23405 | Orc:2    | Found Geid's Weapon Emporium.
 23869 | D:12     | HP: 6/124 [ettin (25)]
 24013 | D:13     | Paralysed by a great orb of eyes for 6 turns
 24073 | D:13     | Killed a fire giant
 24504 | D:13     | Noticed Urug
 24535 | D:13     | Killed Urug
 24867 | D:13     | Found a gate to the Vaults.
 25351 | Spider:1 | Entered Level 1 of the Spider Nest
 25890 | Spider:1 | Noticed an emperor scorpion
 26506 | D:14     | Reached XP level 16. HP: 132/132 MP: 20/22
 28230 | D:15     | Entered Level 15 of the Dungeon
 29048 | D:15     | Found a staircase to the Depths.
 30412 | Orc:2    | Found a staircase to the Elven Halls.
 30492 | Elf:1    | Entered Level 1 of the Elven Halls
 30985 | Orc:2    | Found Ladicw's Book Boutique.
 30990 | Orc:2    | Found Oghaekhe's Weapon Boutique.
 30992 | Orc:2    | Found Wydufop's Weapon Emporium.
 31391 | Swamp:1  | Entered Level 1 of the Swamp
 31641 | Swamp:2  | Reached skill level 10 in Invocations
 31675 | Swamp:2  | Found a glowing silver altar of Zin.
 31677 | Swamp:2  | Noticed a tentacled monstrosity
 31699 | Swamp:2  | Killed a tentacled monstrosity
 31700 | Swamp:2  | Reached XP level 17. HP: 96/140 MP: 24/24
 32042 | Swamp:3  | Reached *** piety under the Shining One
 32050 | Swamp:4  | Entered Level 4 of the Swamp
 32126 | Swamp:4  | Noticed Louise
 32329 | Swamp:3  | Identified the +0 robe of Conscience {Str+7}
 32370 | Swamp:4  | Cast into level 2 of the Abyss (Louise)
 32552 | Abyss:2  | Reached skill level 10 in Shields
 32571 | Abyss:2  | Reached **** piety under the Shining One
 32579 | Abyss:2  | Paralysed by accursed screaming for 1 turns
 32604 | Abyss:2  | Noticed a tentacled starspawn
 32609 | Abyss:2  | Acquired the amulet "Joriz" {Spirit rCorr}
 32757 | Abyss:2  | Noticed a tentacled starspawn
 32770 | Abyss:2  | Killed a tentacled starspawn
 32801 | Abyss:2  | Gained mutation: Armour fits poorly on your strangely
                  | shaped body. [a neqoxec]
 33033 | Abyss:2  | Noticed a tentacled starspawn
 33129 | Abyss:2  | Reached ***** piety under the Shining One
 33154 | Abyss:2  | HP: 1/98 [thrashing horror (15)]
 33155 | Abyss:2  | Mangled by a thrashing horror

Illustrated notes

Levels and vault maps discovered:
D:1:      minmay_arrival_radiant_lines, layout_rooms, serial_shops, shop,
          hellmonk_ecumenical_altar_inner_sanctum, minmay_door_square,
          minmay_pentomino_o2
D:2:      layout_basic
D:3:      layout_loops_ring, nemelex_spade_bored_becter, serial_shops,
          nicolae_shop_statue_plus
D:4:      layout_basic, serial_shops, nicolae_stop_n_shop_2, uniq_pikel
D:5:      layout_basic, uniq_menkaure
D:6:      minmay_bubble_buster, layout_loops_ring, general_overflow_altar,
          minmay_temple_entry_stoned_glass, nrook_mini_vaults, uniq_sigmund,
          uniq_edmund
D:7:      layout_layer_cave
D:8:      cheibrodos_helix_gallery, layout_cave_pools,
          kennysheep_big_empty_room, serial_park_tiny_pond, minmay_manual_mullet
D:9:      layout_roguey, david_orc_3, special_room [special_room_orc]
D:10:     layout_stronghold, nicolae_trove_entry_crossroad
D:11:     layout_gridville, lair_entry_dummy, worms_lemuel
D:12:     layout_long_grid, ebering_ghost_rock_garden,
          hellmonk_bongcloud_opening
D:13:     minmay_glassy_protrusions, layout_basic, ximxim_vaults_locker_room,
          serial_shops, nicolae_shop_hallway_plus, uniq_urug
D:14:     wad_mega_maze, layout_basic, kennysheep_minor_cross
D:15:     hangedman_depths_entry_try_elsewhere_first, layout_basic,
          serial_bayou_ford_a
Temple:   regret_index_temple_chain_breaker
Lair:1:   layout_loops_ring, grunt_megastairs_2
Lair:2:   layout_roguey, gauntlet_entry_generic
Lair:3:   layout_gridlike, ice2_lemuel, lemuel_fruit_fields,
          infiniplex_staircase_pool
Lair:4:   layout_hall_layers, minmay_swamp_entry_eels,
          nicolae_spider_entry_tight_spaces, grunt_megastairs_4
Lair:5:   layout_regular_city, serial_bayou_shore_a, serial_bayou_shore_b
Lair:6:   hellmonk_lair_end_abyssal_woods, layout_long_grid,
          nicolae_slime_entry_slimehenge
Swamp:1:  layout_basic_swamp, nicolae_swamp_triple_paths
Swamp:2:  layout_basic_swamp, nicolae_swamp_godswood, swamp_pool1,
          statue_in_the_mist_lemuel
Swamp:3:  layout_basic_swamp, evilmike_swamp_ruin_wall, uniq_aizul,
          uniq_bai_suzhen
Swamp:4:  swamp_alternative, layout_basic_swamp, uniq_louise
Spider:1: layout_spider_delve, nicolae_spider_bzzzt, uniq_josephine
Orc:1:    layout_diamond_mine, ebering_ghost_rock_garden, basic_altar,
          uniq_erica
Orc:2:    st_orc_elflike, layout_caves
Elf:1:    eino_elf_arrival_shootout, layout_geoelf_grid, minmay_elf_sorcery
Abyss:2:  base: D:11, evilmike_abyss_exit_10, evilmike_abyss_exit_kraken

Skill      XL: |  1  2  3  4  5  6  7  8  9 10 11 12 13 14 15 16 17 |
---------------+----------------------------------------------------+-----
Long Blades    | 1 2 3 4 5 6 |  6.9
Shields        | 4 6 8 9 10 | 10.1
Fighting       | 4 5 6 7 8 9 10 12 13 14 | 14.8
Armour         | 4 5 6 7 8 9 10 12 13 14 | 14.8
Maces & Flails | 2 5 8 10 12 13 14 | 14.9
Invocations    | 1 4 6 8 10 | 10.4
Evocations     | 2 5 6 |  6.0
Short Blades   | |  2.0

Action                   |  1- 3 |  4- 6 |  7- 9 | 10-12 | 13-15 | 16-18 || total
-------------------------+-------+-------+-------+-------+-------+-------++-------
Melee: Rapier            |    53 |       |       |       |       |       ||    53
       Dagger            |    66 |   212 |   286 |       |       |       ||   564
       Falchion          |       |       |   194 |       |       |       ||   194
       Whip              |       |       |    19 |   783 |  1579 |   956 ||  3337
       Long sword        |       |       |    14 |       |       |       ||    14
Throw: Throwing net      |       |       |     1 |       |       |       ||     1
Invok: Divine Shield     |       |       |       |    17 |    50 |    17 ||    84
       Cleansing Flame   |       |       |       |       |       |     5 ||     5
       Summon Divine War |       |       |       |       |       |     1 ||     1
Evoke: Wand              |       |       |       |       |    34 |    35 ||    69
       Piece from Xom's  |       |       |       |       |     1 |     4 ||     5
       Phantom mirror    |       |       |       |       |       |     3 ||     3
  Use: Scroll            |     4 |       |     2 |    13 |    20 |    11 ||    50
       Potion            |       |     4 |     4 |     2 |    19 |     5 ||    34
Armor: Scale mail        |     4 |       |       |       |       |       ||     4
       Plate armour      |    50 |       |       |       |       |       ||    50
       Gold dragon scale |       |   122 |   341 |   405 |   685 |   509 ||  2062
       Skin              |       |       |     2 |       |       |     5 ||     7
Dodge: Dodged            |    28 |     8 |    43 |   110 |   167 |    80 ||   436
Block: Buckler           |    17 |    32 |    95 |   260 |   184 |       ||   588
       Kite shield       |       |       |       |       |   570 |   612 ||  1182
       Other             |       |       |       |       |    12 |       ||    12

Table legend: (Time is in decaauts)
 A = Elapsed time spent in this place.
 B = Non-inter-level travel time spent in this place.
 C = Inter-level travel time spent in this place.
 D = Time resting spent in this place.
 E = Time spent auto-exploring this place.
 F = Levels seen in this place.
 G = Mean time per level.
                   A        B        C        D        E       F      G
               +--------+--------+--------+--------+--------+-----+--------+
         Total |  32048 |  29427 |   2621 |   7406 |  12977 |  31 | 1033.8 |
       Dungeon |  19767 |  17893 |   1874 |   4323 |   8472 |  15 | 1317.8 |
        Temple |    191 |    191 |      0 |      0 |    125 |   1 |  191.0 |
          Lair |   8141 |   7477 |    664 |   1934 |   3570 |   6 | 1356.8 |
         Swamp |    945 |    945 |      0 |    377 |    223 |   4 |  236.2 |
   Spider Nest |    181 |    181 |      0 |      0 |      0 |   1 |  181.0 |
  Orcish Mines |   2076 |   1996 |     80 |    500 |    561 |   2 | 1038.0 |
   Elven Halls |     15 |     15 |      0 |      0 |      0 |   1 |   15.0 |
         Abyss |    727 |    727 |      0 |    272 |     25 |   1 |  727.0 |
               +--------+--------+--------+--------+--------+-----+--------+

Top non-repeatable levels by time:
    D:14: 2280 daAuts
     D:6: 2053 daAuts
  Lair:6: 1789 daAuts
    D:15: 1724 daAuts
  Lair:4: 1634 daAuts
  Lair:3: 1605 daAuts
     D:5: 1461 daAuts
    D:13: 1423 daAuts
     D:7: 1313 daAuts
    D:12: 1198 daAuts
     D:9: 1178 daAuts
   Orc:2: 1138 daAuts
  Lair:5: 1134 daAuts
     D:2: 1131 daAuts
     D:4: 1111 daAuts
